 Dungeon Sprint DCSS version 0.30-a0-920-g7493c07aab (webtiles) character file.

Game seed: 14682574216377347400

1370 dialectric the Imperceptible (level 8, -6/66 HPs)
             Began as a Spriggan Brigand on Mar 21, 2023.
             Was a Follower of Trog.
             Mangled by a skeletal warrior
             ... wielding a +0 battleaxe
              (19 damage)
             ... in the Dungeon (Sprint II: "The Violet Keep of Menkaure").
             The game lasted 00:03:02 (369 turns).

dialectric the Imperceptible (Spriggan Brigand)      Turns: 369, Time: 00:03:03

Health: -6/66      AC:  3    Str:  7    XL:     8   Next: 38%
Magic:  9/9        EV: 19    Int: 13    God:    Trog [*.....]
Gold:   78         SH:  0    Dex: 18    Spells: 7/7 levels left

rFire   . . .      SeeInvis +    u - +2 dagger (venom)
rCold   x . .      Faith    .    (no shield)
rNeg    . . .      Spirit   .    b - +0 robe
rPois   .          Reflect  .    (helmet restricted)
rElec   .          Rampage  .    c - +0 cloak
rCorr   .          NoTele   +    (gloves unavailable)
Will    +....                    (boots unavailable) Stlth
                                 (no amulet)
HPRegen 0.31/turn                (no ring)
MPRegen 0.11/turn                (no ring)

@: berserking, very quick
A: very small, no large weapons, unfitting armour, see invisible, speed 3,
antennae 1, deterioration 1, cold vulnerability 1
a: Renounce Religion, Berserk


You were in the Dungeon.
You worshipped Trog.
Trog was aware of your devotion.
You visited 1 branch You collected 1153 gold pieces.
You spent 1075 gold pieces at shops.

Inventory:

Hand Weapons
 a - a +2 dagger
 u - a +2 dagger of venom (weapon)
Missiles
 d - 9 poisoned darts
 e - 2 curare-tipped darts (quivered)
Armour
 b - a +0 robe (worn)
 c - a +0 cloak (worn)
 A - the +0 pair of fencer's gloves {Riposte Dex+3}
   (You bought it in a shop in the Dungeon)

   Riposte:   It allows the wearer to riposte with melee weapons, swiftly
   retaliating against missed or blocked melee attacks.
   Dex:       It affects your dexterity (+3).
Scrolls
 f - a scroll of magic mapping {unknown}
 k - a scroll of enchant armour
 m - 2 scrolls of brand weapon {unknown}
 n - a scroll of poison {unknown}
 p - 6 scrolls of identify {unknown}
 r - a scroll of amnesia {unknown}
 s - 4 scrolls of fog {unknown}
 t - a scroll of butterflies {unknown}
 v - 2 scrolls of fear {unknown}
 w - a scroll of vulnerability {unknown}
 y - 2 scrolls of immolation {unknown}
Potions
 g - 4 potions of resistance {unknown}
 h - a potion of haste
 i - 6 potions of magic
 j - 2 potions of berserk rage
 l - 2 potions of curing
 o - 3 potions of flight {unknown}
 q - 5 potions of heal wounds
 x - a potion of attraction {unknown}
 z - a potion of brilliance {unknown}


   Skills:
 + Level 5.4 Fighting
 + Level 7.5 Short Blades
 - Level 2.8 Throwing
 + Level 4.8 Dodging
 + Level 23.6 Stealth


You had 7 spell levels left.
You didn't know any spells.
Your spell library was empty.

Dungeon Overview and Level Annotations

Branches:
Dungeon (1/1)

Altars:
Cheibriados
Dithmenos
Elyvilon
Fedhas
Gozag
Hepliaklqana
Kikubaaqudgha
Makhleb
Nemelex Xobeh
Okawaru
Qazlal
Ru
Sif Muna
Trog
Uskayaw
Vehumet
Wu Jian
Xom
Yredelemnul
Zin
The Shining One
Jiyva
Lugonu

Shops:
D :!*?![=!=:*=[(=

Annotations:
D exclusions: obsidian statue and oklob plant, Kirke


Innate Abilities, Weirdness & Mutations

You are very small and have problems with some larger weapons.
You are too small for most types of armour.
You have supernaturally acute eyesight. (SInv)
You cover ground extremely quickly. (Speed+++)
You have a pair of small antennae on your head.
Your body sometimes deteriorates upon taking damage.
You are vulnerable to cold. (rC-)


Message History

Okay, then.
There is an entrance to Zoikab's Antique Armour Boutique here.
There is an entrance to Recyhiar's Distillery here.
There is an entrance to Plog's Magic Scroll Shop here.
There is an entrance to Waill's Distillery here.
There is an entrance to Dimiroid's Assorted Antiques here.
There is an entrance to Dikuul's Antique Weapon Boutique here.
There is an open door here.
You enter the shallow water.
Moving in this stuff is going to be slow.
An elephant, a centaur warrior, Kirke, a yaktaur captain, a kobold demonologist and a skeletal warrior come into view.
Found 81 gold pieces.
The skeletal warrior completely misses you.
You closely miss the skeletal warrior.
The kobold demonologist shouts!
The centaur warrior shouts!
Kirke shouts!
The elephant trumpets!
You hear a deafening roar!
Unknown command.
Unknown command.
You hit the skeletal warrior but do no damage.
The skeletal warrior hits you with a +0 battleaxe!!
A red film seems to cover your vision as you go berserk!
You feel yourself moving faster!
You feel mighty!
The water moccasin hisses angrily.
The skeletal warrior misses you.
Unknown command.
You hit the skeletal warrior.
The skeletal warrior is lightly damaged.
The skeletal warrior hits you with a +0 battleaxe!!
* * * LOW HITPOINT WARNING * * *
You hit the skeletal warrior but do no damage.
The skeletal warrior is lightly damaged.
The water moccasin closely misses you.
You puncture the skeletal warrior!
The skeletal warrior is lightly damaged.
You hit the skeletal warrior but do no damage.
The skeletal warrior is lightly damaged.
The water moccasin bites you.
* * * LOW HITPOINT WARNING * * *
The skeletal warrior hits you with a +0 battleaxe!!
You die...

####+#### ##≈§°≈≈°≈##
##§≈≈≈≈≈≈≈≈## ### {
+≈§§≈≈8≈≈○≈≈#
#.Yc####○≈≈°≈°≈§≈ #$cKz@~##
§≈≈°≈
############S~#+++#+++##
###########~~~.........#
##....∩.∩.#~~~~.##'##..#{{
##.....∩..#~~~~####.##.####
##..∩.∩...#~~~~#..##.#....#
##.⌠.∩....#~~####...####..##
##..∩.∩...#~##.###'###.##..#
##...∩.∩..#S#..###.##...#{.#


You could see a yaktaur captain, an elephant, a skeletal warrior, a centaur
warrior, a kobold demonologist and a water moccasin.

Vanquished Creatures
  A blink frog (D)
  2 wyverns (D)
  4 neqoxecs (D)
  Menkaure (D)
  A water moccasin (D)
  4 scorpions (D)
  2 worms (D)
15 creatures vanquished.

Vanquished Creatures (others)
  A worm (D)
  4 tentacles (D)
5 creatures vanquished.

Grand Total: 20 creatures vanquished

Notes
Turn   | Place    | Note
-------+----------+-------------------------------------------
     0 | D        | dialectric the Spriggan Brigand began the quest for the
                  | Orb.
     0 | D        | Reached XP level 1. HP: 10/10 MP: 2/2
     1 | D        | Noticed a scorpion
     1 | D        | Noticed a scorpion
     3 | D        | Noticed a scorpion
     3 | D        | Noticed a scorpion
     4 | D        | Killed a scorpion
     5 | D        | Reached skill level 11 in Stealth
     5 | D        | Reached XP level 2. HP: 15/15 MP: 3/3
     5 | D        | Reached XP level 3. HP: 18/18 MP: 4/4
     5 | D        | Killed a scorpion
     6 | D        | Reached skill level 13 in Stealth
     6 | D        | Reached XP level 4. HP: 23/23 MP: 5/5
     7 | D        | Killed a scorpion
     8 | D        | Reached skill level 15 in Stealth
     8 | D        | Reached XP level 5. HP: 28/28 MP: 6/6
    14 | D        | Reached skill level 16 in Stealth
    20 | D        | Noticed a neqoxec
    20 | D        | Noticed a neqoxec
    20 | D        | Noticed a neqoxec
    20 | D        | Noticed a neqoxec
    22 | D        | Killed a neqoxec
    23 | D        | Reached skill level 5 in Short Blades
    23 | D        | Reached skill level 18 in Stealth
    23 | D        | Reached XP level 6. HP: 29/33 MP: 7/7
    33 | D        | Gained mutation: You have a pair of small antennae on your
                  | head. [a neqoxec]
    37 | D        | Killed a neqoxec
    38 | D        | Reached skill level 19 in Stealth
    43 | D        | Gained mutation: Your body sometimes deteriorates upon
                  | taking damage. [a neqoxec]
    44 | D        | Killed a neqoxec
    45 | D        | Reached skill level 20 in Stealth
    45 | D        | Reached XP level 7. HP: 38/38 MP: 8/8
    47 | D        | Gained mutation: You are vulnerable to cold. (rC-) [a
                  | neqoxec]
    54 | D        | Killed a neqoxec
    55 | D        | Reached skill level 21 in Stealth
    69 | D        | Noticed an obsidian statue
    85 | D        | Noticed Menkaure
    93 | D        | Found a glowing silver altar of Zin.
    94 | D        | Found a glowing golden altar of the Shining One.
    94 | D        | Found a basalt altar of Yredelemnul.
    94 | D        | Found a hide-covered altar of Uskayaw.
    95 | D        | Found a shimmering altar of Xom.
    95 | D        | Found a bloodstained altar of Trog.
    96 | D        | Found an ornate altar of the Wu Jian Council.
    96 | D        | Found a shimmering blue altar of Sif Muna.
    96 | D        | Found a corrupted altar of Lugonu.
    96 | D        | Found a radiant altar of Vehumet.
    96 | D        | Found a burning altar of Makhleb.
   101 | D        | Killed Menkaure
   102 | D        | Reached skill level 22 in Stealth
   102 | D        | Found a sacrificial altar of Ru.
   102 | D        | Found an ancient bone altar of Kikubaaqudgha.
   102 | D        | Found a white marble altar of Elyvilon.
   103 | D        | Found a stormy altar of Qazlal.
   103 | D        | Found a viscous altar of Jiyva.
   103 | D        | Found a shadowy altar of Dithmenos.
   106 | D        | Found a hazy altar of Hepliaklqana.
   106 | D        | Found a snail-covered altar of Cheibriados.
   109 | D        | Found a sparkling altar of Nemelex Xobeh.
   109 | D        | Found a blossoming altar of Fedhas.
   110 | D        | Found an opulent altar of Gozag.
   110 | D        | Found an iron altar of Okawaru.
   114 | D        | Became a worshipper of Trog the Wrathful
   126 | D        | Noticed a kraken
   147 | D        | Found the +7 Spriggan's Knife {stab, EV+4 Stlth+}
   255 | D        | Noticed a yaktaur
   255 | D        | Noticed a hornet
   255 | D        | Noticed a polar bear
   272 | D        | Noticed a wyvern
   272 | D        | Noticed a wyvern
   275 | D        | Killed a wyvern
   276 | D        | Reached skill level 5 in Fighting
   276 | D        | Reached XP level 8. HP: 30/43 MP: 9/9
   295 | D        | Found Yshamuwk's Jewellery Shop.
   296 | D        | Found Hiaq's Jewellery Boutique.
   296 | D        | Found Dimiroid's Assorted Antiques.
   296 | D        | Found Faekkow's Distillery.
   296 | D        | Found Waill's Distillery.
   296 | D        | Found Plog's Magic Scroll Shop.
   296 | D        | Found Genir's Jewellery Shop.
   296 | D        | Found Lyawa's Book Shop.
   296 | D        | Found Elon's Antique Armour Shop.
   296 | D        | Found Zoikab's Antique Armour Boutique.
   297 | D        | Found Dikuul's Antique Weapon Boutique.
   297 | D        | Found Qotrio's Jewellery Shop.
   297 | D        | Found Juog's General Store.
   297 | D        | Found Recyhiar's Distillery.
   301 | D        | Noticed a blink frog
   303 | D        | Killed a blink frog
   303 | D        | Reached * piety under Trog
   304 | D        | Reached skill level 23 in Stealth
   312 | D        | Noticed an oklob plant
   313 | D        | Found Yshucais's Book Shoppe.
   332 | D        | Noticed a hell hog
   333 | D        | Noticed a hell hog
   338 | D        | Bought a potion of curing for 30 gold pieces
   338 | D        | Bought a potion of heal wounds for 50 gold pieces
   341 | D        | Bought a scroll of enchant armour for 75 gold pieces
   344 | D        | Bought the +0 pair of fencer's gloves {Riposte Dex+3} for
                  | 920 gold pieces
   344 | D        | Found the +0 pair of fencer's gloves {Riposte Dex+3}
   361 | D        | Noticed an elephant
   361 | D        | Noticed a centaur warrior
   361 | D        | Noticed Kirke
   361 | D        | Noticed a yaktaur captain
   361 | D        | Noticed a kobold demonologist
   361 | D        | Noticed a skeletal warrior
   369 | D        | Mangled by a skeletal warrior

Illustrated notes

Levels and vault maps discovered:
D:        the_violet_keep_of_menkaure [sprint2_stairs_cluster_1,
          sprint2_shoproom, sprint2_temple, sprint2_basic_supplies,
          sprint2_obstacle_5, sprint2_obstacle_4, sprint2_obstacle_3,
          sprint2_obstacle_1, sprint2_obstacle_6, sprint2_timed_cluster_1,
          sprint2_smallroom_cluster_1, sprint2_smallroom_final_cluster_1,
          sprint2_transparent_cluster_1, sprint2_second_timed_cluster_1,
          sprint2_sniper_area_1, sprint2_heavy_combat_area_1,
          sprint2_mutation_trap_area_1, sprint2_forest_area_1,
          sprint2_light_combat_area_1, sprint2_behind_water_1,
          sprint2_near_end_vault_1]

Skill      XL: |  1  2  3  4  5  6  7  8 |
---------------+-------------------------+-----
Fighting       | 2 3 4 5 |  5.4
Short Blades   | 3 4 5 7 |  7.5
Stealth        | 11 13 15 18 20 22 23 | 23.6
Dodging        | 2 3 4 |  4.8
Throwing       | |  2.8

Action                     |  1- 3 |  4- 6 |  7- 9 || total
---------------------------+-------+-------+-------++-------
  Melee: Dagger            |     2 |    20 |    24 ||    46
  Throw: Dart              |       |     5 |     3 ||     8
    Use: Potion            |       |     1 |     3 ||     4
         Scroll            |       |       |     1 ||     1
   Stab: Sleeping          |     2 |     2 |     5 ||     9
  Dodge: Dodged            |       |    10 |    10 ||    20

Table legend: (Time is in decaauts)
 A = Elapsed time spent in this place.
 B = Non-inter-level travel time spent in this place.
 C = Inter-level travel time spent in this place.
 D = Time resting spent in this place.
 E = Time spent auto-exploring this place.
 F = Levels seen in this place.
 G = Mean time per level.
                   A        B        C        D        E       F      G
               +--------+--------+--------+--------+--------+-----+--------+
         Total |    303 |    303 |      0 |     13 |     25 |   1 |  303.0 |
       Dungeon |    303 |    303 |      0 |     13 |     25 |   1 |  303.0 |
               +--------+--------+--------+--------+--------+-----+--------+

Top non-repeatable levels by time:
       D: 303 daAuts
